 Dungeon Crawl Stone Soup version 0.30-a0-778-g2ef04afb54 (webtiles) character file.

Game seed: 17951049140807022270

3931 bjtr the Geomancer (level 10, -2/52 HPs)
             Began as a Gargoyle Earth Elementalist on Feb 15, 2023.
             Was a Follower of Vehumet.
             Slain by a yak (10 damage)
             ... on level 8 of the Dungeon.
             The game lasted 00:29:44 (6384 turns).

bjtr the Geomancer (Gargoyle Earth Elementalist)    Turns: 6384, Time: 00:29:45

Health: -2/52      AC: 15    Str: 11    XL:     10   Next: 21%
Magic:  10/19      EV: 11    Int: 27    God:    Vehumet [*.....]
Gold:   457        SH:  0    Dex: 10    Spells: 8/22 levels left

rFire   + . .      SeeInvis .    a - staff of earth
rCold   . . .      Faith    .    (no shield)
rNeg    + . .      Spirit   .    f - +2 leather armour {rF+}
rPois   ∞          Reflect  .    (no helmet)
rElec   +          Harm     .    (no cloak)
rCorr   .          Rampage  .    C - +0 pair of gloves
Will    .....                    e - +1 pair of boots
Stlth   ++                       (no amulet)
HPRegen 0.28/turn                l - +6 ring of intelligence
MPRegen 0.16/turn                r - ring of wizardry

@: no status effects
A: sickness immunity, AC +7, negative energy resistance 1, electricity
resistance, torment resistance 1, petrification resistance
a: Renounce Religion


You were on level 8 of the Dungeon.
You worshipped Vehumet.
Vehumet was aware of your devotion.
You visited 1 branch of the dungeon, and saw 8 of its levels.

You collected 457 gold pieces.

Inventory:

Hand Weapons
 h - a +1 dagger of protection
 n - a +0 war axe of draining
 u - a +0 sling
 A - a +0 long sword
 G - a +2 dire flail
 H - a +3 morningstar
Missiles
 x - 10 poisoned darts (quivered)
Armour
 e - a +1 pair of boots (worn)
 f - a +2 leather armour of fire resistance (worn)
 k - an orb of mayhem
 C - a +0 pair of gloves (worn)
Magical Staves
 a - a staff of earth (weapon)
Jewellery
 l - a +6 ring of intelligence (left hand)
 m - the Hermit's Pendant {Faith Invo=14 Evo=0 MP+5}
   (You found it on level 2 of the Dungeon)

   [amulet of faith]

   Invo=14: It sets your Invocations skill to 14.
   Evo=0: It sets your Evocations skill to 0.
   It allows you to gain divine favour quickly.
   MP:        It affects your magic capacity (+5).
 r - a ring of wizardry (right hand)
 s - a ring of resist corrosion
 v - an amulet of faith
 F - a +6 ring of strength
Wands
 g - a wand of acid (16)
Scrolls
 d - 6 scrolls of teleportation
 p - 3 scrolls of identify
 q - a scroll of enchant weapon
 y - a scroll of amnesia
 B - 2 scrolls of vulnerability
 E - a scroll of blinking
Potions
 b - a potion of magic
 c - 2 potions of cancellation
 i - 3 potions of attraction
 j - a potion of haste
 o - a potion of resistance
 t - a potion of brilliance
 w - 4 potions of curing
 D - a potion of invisibility


   Skills:
 + Level 1.6 Fighting
 * Level 4.9 Staves
 + Level 3.0 Armour
 - Level 1.5 Dodging
 + Level 3.0 Stealth
 + Level 6.5 Spellcasting
 - Level 0.7 Transmutations
 * Level 12.2 Earth Magic
 * Level 4.2 Evocations


You had 8 spell levels left.
You knew the following spells:

 Your Spells              Type           Power      Damage    Failure   Level
a - Sandblast             Erth           100%       2d20      1%          1
b - Passwall              Tmut/Erth      50%        N/A       1%          2
c - Stone Arrow           Conj/Erth      100%       3d13      1%          3
d - Petrify               Tmut/Erth      60%        N/A       2%          4
e - Slow                  Hex            32%        N/A       3%          1
f - Confusing Touch       Hex            8%         N/A       10%         3

Your spell library contained the following spells:

 Spells                   Type           Power      Damage    Failure   Level
 Kiss of Death            Conj/Necr      32%        2d7       3%          1
 Vampiric Draining        Necr           8%         2d6       10%         3


Dungeon Overview and Level Annotations

Branches:
Dungeon (8/15)             Temple (0/1) D:7
   Lair: D:8-11

Altars:
Hepliaklqana
Makhleb
Okawaru
Ru
Vehumet
Wu Jian

Annotations:
D:8 Grum, Pikel


Innate Abilities, Weirdness & Mutations

You are immune to sickness and miasma.
Your stone body is resilient. (AC +7)
You are immune to poison.
You resist negative energy. (rN+)
You are resistant to electric shocks. (rElec)
You are resistant to unholy torment.
You are immune to petrification.


Message History

Confirm with . or Enter, or press ? or * to list all spells.
Aiming: Sandblast (safe; 1% risk of failure)
Press: ? - help, Shift-Dir - straight line, f/p - yak
Aim: a yak (91% to hit)
You feel a surge of power!
The blast of sand hits the yak!!
You kill the yak!
Vehumet accepts your kill. The yak barely misses you.
Casting: Sandblast (safe; 1% risk of failure)
Confirm with . or Enter, or press ? or * to list all spells.
Aiming: Sandblast (safe; 1% risk of failure)
Press: ? - help, Shift-Dir - straight line, f/p - yak
Aim: a yak (91% to hit)
You feel a surge of power!
The blast of sand misses the yak.
The yak gores you!
Casting: Sandblast (safe; 1% risk of failure)
Confirm with . or Enter, or press ? or * to list all spells.
Aiming: Sandblast (safe; 1% risk of failure)
Press: ? - help, Shift-Dir - straight line, f/p - yak
Aim: a yak (91% to hit)
You feel a surge of power!
The blast of sand hits the yak!
The yak is lightly wounded.
The yak gores you but does no damage. The yak gores you!
* * * LOW HITPOINT WARNING * * *
Casting: Sandblast (safe; 1% risk of failure)
Confirm with . or Enter, or press ? or * to list all spells.
Aiming: Sandblast (safe; 1% risk of failure)
Press: ? - help, Shift-Dir - straight line, f/p - yak
Aim: a yak (lightly wounded, 91% to hit)
You feel a surge of power!
The blast of sand hits the yak!!
The yak is severely wounded.
The yak gores you but does no damage.
Casting: Sandblast (safe; 1% risk of failure)
Confirm with . or Enter, or press ? or * to list all spells.
Aiming: Sandblast (safe; 1% risk of failure)
Press: ? - help, Shift-Dir - straight line, f/p - yak
Aim: a yak (severely wounded, 91% to hit)
You feel a surge of power!
The blast of sand misses the yak.
The yak gores you.
* * * LOW HITPOINT WARNING * * *
The yak gores you!
You die...

#.........#
##.##
########.##
#..# #.#
##.### #.#
#....
#####.########
####.
#.....#.......
##
#.#####.......
#.#####.......
#..@Y.'.......
#######.......
.......
.......
.......
.......
##'#### #.


You could see a yak.

Vanquished Creatures
  A wraith (D:7)
  5 yaks (D:8)
  A wyvern (D:8)
  2 water moccasins (D:6)
  3 black bears
  A sky beast (D:6)
  2 orc warriors (D:7)
  An ice beast (D:8)
  2 ogres
  A phantom (D:7)
  A lemure (D:8)
  A kobold brigand (D:7)
  The ghost of Orangeyouglad the Stinger, an amateur DEVM (D:4)
  4 bullfrogs
  A gnoll sergeant (D:7)
  A scorpion (D:6)
  5 wights (D:7)
  10 killer bees (D:8)
  A howler monkey (D:8)
  5 orc priests
  A hound (D:5)
  2 jellies
  2 iguanas (D:7)
  2 orc wizards
  5 adders
  4 gnolls (D:7)
  2 river rats (D:4)
  2 white imps
  An ufetubus (D:6)
  2 worms (D:4)
  A dart slug (D:2)
  21 orcs
  7 endoplasms
  3 goblins
  4 hobgoblins
  10 jackals
  4 quokkas
  7 ball pythons
  2 bats
  5 frilled lizards
  8 kobolds
  6 rats
150 creatures vanquished.

Vanquished Creatures (collateral kills)
  A hobgoblin (D:3)
1 creature vanquished.

Vanquished Creatures (others)
  43 plants (D:7)
43 creatures vanquished.

Grand Total: 194 creatures vanquished

Notes
Turn   | Place    | Note
-------+----------+-------------------------------------------
     0 | D:1      | bjtr the Gargoyle Earth Elementalist began the quest for
                  | the Orb.
     0 | D:1      | Reached XP level 1. HP: 10/10 MP: 3/3
   229 | D:1      | Reached skill level 4 in Earth Magic
   256 | D:1      | Reached XP level 2. HP: 7/15 MP: 0/5
   773 | D:1      | Learned a level 2 spell: Passwall
  1006 | D:2      | Found the Hermit's Pendant {Faith Invo=14 Evo=0 MP+5}
  1063 | D:2      | Reached XP level 3. HP: 19/19 MP: 2/6
  1786 | D:3      | Learned a level 3 spell: Stone Arrow
  1795 | D:3      | Identified a scroll of acquirement
  1795 | D:3      | Acquired a staff of earth
  1809 | D:3      | Reached skill level 5 in Earth Magic
  1809 | D:3      | Reached XP level 4. HP: 24/24 MP: 4/7
  2133 | D:3      | Reached skill level 1 in Evocations
  2459 | D:4      | Reached XP level 5. HP: 28/28 MP: 6/8
  2505 | D:4      | Found a runed translucent door.
  2509 | D:4      | Reached skill level 1 in Staves
  2525 | D:4      | Noticed Orangeyouglad's ghost (amateur DEVM)
  2593 | D:4      | Reached skill level 6 in Earth Magic
  2677 | D:4      | Reached XP level 6. HP: 32/32 MP: 8/10
  2701 | D:4      | Found a runed translucent door.
  2830 | D:4      | Found an ornate altar of the Wu Jian Council.
  3051 | D:4      | Killed Orangeyouglad's ghost
  3104 | D:5      | Entered Level 5 of the Dungeon
  3145 | D:5      | Reached skill level 1 in Armour
  3193 | D:5      | Noticed a black bear
  3194 | D:5      | Killed a black bear
  3195 | D:5      | Reached skill level 7 in Earth Magic
  3195 | D:5      | Reached XP level 7. HP: 36/36 MP: 10/12
  3255 | D:5      | Found an iron altar of Okawaru.
  3416 | D:5      | Upgraded the game from 0.30-a0-777-ga9a30cbeda to
                  | 0.30-a0-778-g2ef04afb54
  3856 | D:6      | Found a radiant altar of Vehumet.
  3871 | D:6      | Became a worshipper of Vehumet
  3945 | D:6      | Found a burning altar of Makhleb.
  3945 | D:6      | Found a sacrificial altar of Ru.
  3945 | D:6      | Found a hazy altar of Hepliaklqana.
  4098 | D:6      | Reached skill level 8 in Earth Magic
  4098 | D:6      | Reached XP level 8. HP: 41/41 MP: 11/14
  4099 | D:6      | Reached skill level 1 in Fighting
  4104 | D:6      | Learned a level 4 spell: Petrify
  4106 | D:6      | Learned a level 1 spell: Slow
  4110 | D:6      | Learned a level 3 spell: Confusing Touch
  4703 | D:7      | Reached skill level 9 in Earth Magic
  4745 | D:7      | Found a staircase to the Ecumenical Temple.
  4835 | D:7      | Reached * piety under Vehumet
  4835 | D:7      | Offered knowledge of Kiss of Death by Vehumet.
  4849 | D:7      | Reached skill level 5 in Spellcasting
  4849 | D:7      | Reached XP level 9. HP: 47/47 MP: 11/16
  4857 | D:7      | Reached skill level 10 in Earth Magic
  5427 | D:8      | Reached skill level 11 in Earth Magic
  5593 | D:8      | Noticed Pikel
  5992 | D:8      | Noticed Grum
  6260 | D:8      | Reached XP level 10. HP: 50/52 MP: 16/19
  6265 | D:8      | Reached skill level 12 in Earth Magic
  6384 | D:8      | Slain by a yak

Illustrated notes

Levels and vault maps discovered:
D:1:      giann_bridges, layout_basic, minmay_tetromino_o4
D:2:      layout_loops_ring
D:3:      layout_basic
D:4:      layout_cave_pools, nzn_wu_jian_council_hall, ebering_ghost_sewer_f,
          kennysheep_small_circle
D:5:      layout_rooms, mainiacjoe_overflow_boulevard
D:6:      nicolae_cairo_tiling_very_big, layout_basic,
          nicolae_vehumet_altar_sigil, gammafunk_temple_overflow_claw,
          due_unseen_surprise
D:7:      layout_loops_ring, minmay_temple_entry_overgrown, dk_vineyard_2,
          serial_bayou_lagoon_a
D:8:      layout_basic, zin_academy, uniq_pikel, uniq_grum

Skill      XL: |  1  2  3  4  5  6  7  8  9 10 |
---------------+-------------------------------+-----
Earth Magic    | 4 5 6 7 8 9 11 12 | 12.2
Evocations     | 1 2 3 4 |  4.2
Staves         | 1 2 3 4 |  4.9
Spellcasting   | 3 4 5 6 |  6.5
Armour         | 1 2 3 |  3.0
Fighting       | 1 |  1.6
Stealth        | 3 |  3.0
Dodging        | |  1.5
Transmutations | |  0.7

Action                     |  1- 3 |  4- 6 |  7- 9 | 10-12 || total
---------------------------+-------+-------+-------+-------++-------
  Melee: Unarmed           |     2 |       |       |       ||     2
         Mace              |    11 |       |       |       ||    11
         Staff             |       |    18 |    19 |     5 ||    42
  Throw: Dart              |       |       |     4 |       ||     4
   Cast: Sandblast         |    39 |    43 |   125 |    20 ||   227
         Passwall          |     2 |       |     2 |       ||     4
         Petrify           |       |       |     2 |       ||     2
         Confusing Touch   |       |       |     1 |       ||     1
    Use: Scroll            |     9 |     9 |     3 |       ||    21
 Armour: Leather armour    |     9 |     9 |    52 |    15 ||    85
         Robe              |     1 |       |       |       ||     1
  Dodge: Dodged            |    18 |    15 |    66 |     8 ||   107

Table legend: (Time is in decaauts)
 A = Elapsed time spent in this place.
 B = Non-inter-level travel time spent in this place.
 C = Inter-level travel time spent in this place.
 D = Time resting spent in this place.
 E = Time spent auto-exploring this place.
 F = Levels seen in this place.
 G = Mean time per level.
                   A        B        C        D        E       F      G
               +--------+--------+--------+--------+--------+-----+--------+
         Total |   6512 |   6261 |    251 |    806 |   4076 |   8 |  814.0 |
       Dungeon |   6512 |   6261 |    251 |    806 |   4076 |   8 |  814.0 |
               +--------+--------+--------+--------+--------+-----+--------+

Top non-repeatable levels by time:
     D:7: 1062 daAuts
     D:1: 1016 daAuts
     D:8: 985 daAuts
     D:2: 748 daAuts
     D:6: 745 daAuts
     D:4: 717 daAuts
     D:3: 672 daAuts
     D:5: 565 daAuts
